 Dungeon Crawl Stone Soup version 0.31.0-11-ge490571c62 (webtiles) character file.

Game seed: 16266707591154862055

387 hawla the Cleaver (level 6, -18/51 HPs)
             Began as a Minotaur Fighter on Feb 2, 2024.
             Was an Initiate of Makhleb.
             Demolished by an ogre zombie
             ... wielding a +0 giant spiked club of venom
              (22 damage)
             ... on level 4 of the Dungeon.
             The game lasted 00:05:27 (3095 turns).

hawla the Cleaver (Minotaur Fighter)                Turns: 3095, Time: 00:05:28

Health: -18/51     AC: 12    Str: 29    XL:     6   Next: 49%
Magic:  5/5        EV:  7    Int:  5    God:    Makhleb [......]
Gold:   205        SH:  4    Dex:  9    Spells: 5/5 levels left

rFire   + . .        a - +1 war axe
rCold   + . .        c - +0 buckler
rNeg    . . .        g - +1 plate armour
rPois   +            (helmet restricted)
rElec   +            (no cloak)
rCorr   +            (no gloves)
SInv    .            (no boots)
Will    .....        (no amulet) Stlth
                     i - +6 ring of strength
HPRegen 0.28/turn    (no ring)
MPRegen 0.09/turn

%: no passive effects
@: brilliant, lethally poisoned (-18 -> -23), resistant
A: horns 2, retaliatory headbutt
a: Renounce Religion


You were on level 4 of the Dungeon.
You worshipped Makhleb.
Makhleb was noncommittal.
You visited 1 branch of the dungeon, and saw 4 of its levels.

You collected 228 gold pieces.
You spent 23 gold pieces at shops.

Inventory:

Hand Weapons
 a - a +1 war axe (weapon)
Missiles
 k - 2 poisoned darts (quivered)
 l - 2 throwing nets
Armour
 c - a +0 buckler (worn)
 g - a +1 plate armour (worn)
Jewellery
 i - a +6 ring of strength (left hand)
Wands
 o - a wand of mindburst (13)
Scrolls
 f - a scroll of identify
 q - 3 scrolls of torment
Potions
 b - a potion of enlightenment
 d - a potion of might
 e - a potion of curing
 h - 2 potions of brilliance
 j - a potion of haste {unknown}
 m - 2 potions of heal wounds {unknown}
 n - a potion of invisibility {unknown}
 r - 3 potions of lignification {unknown}


   Skills:
 - Level 3.6 Fighting
 + Level 8.4 Axes
 - Level 3.6 Armour
 - Level 3.6 Shields


You had 5 spell levels left.
You didn't know any spells.
Your spell library contained the following spells:

 Spells                   Type           Power      Damage    Failure   Level
 Freeze                   Ice            0%         1d3       100%        1
 Frozen Ramparts          Ice            0%         1d1       100%        3
 Hailstorm                Conj/Ice       0%         3d5       100%        3
 Passwall                 Erth           0%         N/A       100%        3
 Stone Arrow              Conj/Erth      0%         3d7       100%        3
 Martyr's Knell           Necr/Summ      0%         N/A       100%        4
 Monstrous Menagerie      Summ           0%         N/A       100%        7


Dungeon Overview and Level Annotations

Branches:
Dungeon (4/15)
 Temple: D:4-7

Altars:
Makhleb
Trog
Wu Jian

Shops:
D:2 (

Annotations:
D:4 1 transporter


Innate Abilities, Weirdness & Mutations

You have a pair of horns on your head.
You reflexively headbutt those who attack you in melee.


Message History

Search for what [Enter for "tif", or ? for help]? ax Search for what [Enter for "ax", or ? for help]? rmo
There is a stone staircase leading down here.
There is a transporter landing site here.
Search for what [Enter for "rmo", or ? for help]? trans
There is a transporter here.
You enter the transporter and appear at another place.
p - a potion of resistance
Okay, then.
You open the gate. You throw a poisoned dart.
The poisoned dart hits the ogre zombie.
The ogre zombie hits you with a +0 giant spiked club of venom.
You are poisoned.
You feel protected.
You feel very sick.
The ogre zombie hits you with a +0 giant club of venom!
It was a potion of curing.
You feel better.
The ogre zombie hits you with a +0 giant spiked club of venom!
The gnoll sergeant zombie hits you from afar with a +1 trident of venom.
You are poisoned.
The ogre zombie hits you with a +0 giant club of venom!
* * * LOW HITPOINT WARNING * * *
It was a potion of brilliance.
You feel clever all of a sudden.
* * * LOW HITPOINT WARNING * * *
You feel sick.
The gnoll sergeant zombie hits you but does no damage.
Okay, then.
You feel better. The ogre zombie barely misses you.
The ogre zombie hits you with a +0 giant club of venom!
* * * LOW HITPOINT WARNING * * *
You are lethally poisoned!
You barely miss the ogre zombie. You headbutt the ogre zombie!
The ogre zombie is moderately damaged.
You slash the ogre zombie!
* * * LOW HITPOINT WARNING * * *
You feel very sick.
The gnoll sergeant zombie hits you but does no damage.
The ogre zombie hits you with a +0 giant spiked club of venom!!
You die...

.##.# #.# #.#..........##.##
..#.# #.. ..#######.##.....#
....# ## #### #........# ..###
####### ########.# ..#
#°○☼..######## ####.### ..#
#○°.○○#○°☼.○°# #...<...
..########☼°☼☼○#°°.☼○.####.##.##.
.........#$$.○°Z.#.#☼☼#..#.##.##.
.....>..©#©[.○○Z@..©☼☼#©...##.##.
.........#($.○Z○.#.#○○#..#.##.##.
..#####..#○○.°☼#☼○.○○.#..#.......
....# #..#○°○☼○#○○○.○°#######.###
....# #.##○○○○.######## #..#
....# #.########## #########.#
..#####......#...## #......##.#
......####.##.....####.####.##.#
......#..................##.##.#


You could see a gnoll sergeant zombie and 2 ogre zombies.

Vanquished Creatures
  A centaur (D:3)
  A scorpion (D:4)
  An orc priest (D:4)
  A bombardier beetle (D:4)
  An iguana (D:4)
  Terence (D:3)
  An orc wizard (D:2)
  5 adders
  A dart slug (D:1)
  8 orcs
  6 endoplasms
  3 giant cockroaches (D:1)
  6 hobgoblins
  4 jackals (D:3)
  4 quokkas
  6 ball pythons
  3 bats
  A frilled lizard (D:1)
  A goblin (D:4)
  7 kobolds
  2 rats (D:1)
64 creatures vanquished.

Notes
Turn   | Place    | Note
-------+----------+-------------------------------------------
     0 | D:1      | hawla the Minotaur Fighter began the quest for the Orb.
     0 | D:1      | Reached XP level 1. HP: 19/19 MP: 0/0
    42 | D:1      | Reached skill level 3 in Axes
    69 | D:1      | Reached XP level 2. HP: 20/26 MP: 1/1
   301 | D:1      | Found a faded altar of an unknown god.
   510 | D:1      | Reached skill level 4 in Axes
   866 | D:2      | Found Xoycw's Weapon Boutique.
   870 | D:2      | Bought 3 poisoned darts for 23 gold pieces
  1393 | D:3      | Reached XP level 3. HP: 31/31 MP: 2/2
  1393 | D:3      | Noticed a centaur
  1510 | D:2      | Reached skill level 5 in Axes
  1510 | D:2      | Reached XP level 4. HP: 26/39 MP: 3/3
  1573 | D:3      | Killed a centaur
  1574 | D:3      | Reached skill level 6 in Axes
  1574 | D:3      | Reached XP level 5. HP: 37/45 MP: 4/4
  1876 | D:3      | Noticed Terence
  1883 | D:3      | Killed Terence
  1884 | D:3      | Reached skill level 7 in Axes
  1911 | D:3      | Found a burning altar of Makhleb.
  1911 | D:3      | Noticed a blizzard demon
  1940 | D:3      | Noticed an orange demon
  1940 | D:3      | Noticed a hellwing
  1942 | D:3      | Became a worshipper of Makhleb the Destroyer
  1971 | D:3      | Found a bloodstained altar of Trog.
  2056 | D:3      | Found an ornate altar of the Wu Jian Council.
  2278 | D:4      | Reached XP level 6. HP: 29/51 MP: 5/5
  2400 | D:4      | Got the Guidebook on Accompaniment and Spelunking
  2439 | D:4      | Reached skill level 8 in Axes
  2861 | D:4      | Found a transporter.
  3038 | D:4      | Found a transporter.
  3095 | D:4      | Demolished by an ogre zombie

Illustrated notes

Levels and vault maps discovered:
D:1:      dpeg_arrival_long_road, layout_basic, shapermc_ecumenical_altar_ellora
D:2:      layout_basic, serial_shops, shop
D:3:      layout_rooms, lemuel_doored_altar, makhleb_altar_promises_db,
          nicolae_wu_jian_wuxing_cycle, uniq_terence
D:4:      gammafunk_cloud_chamber, layout_loops_cross, grunt_decor_mini_mirrors,
          serial_park_tiny_pond

Skill      XL: |  1  2  3  4  5  6 |
---------------+-------------------+-----
Axes           | 3 4 5 6 7 8 |  8.4
Fighting       | |  3.6
Armour         | |  3.6
Shields        | |  3.6

Action                     |  1- 3 |  4- 6 || total
---------------------------+-------+-------++-------
  Melee: War axe           |    57 |    99 ||   156
         Headbutt          |     7 |     8 ||    15
  Throw: Dart              |       |     1 ||     1
    Use: Scroll            |     1 |     5 ||     6
         Potion            |       |     4 ||     4
 Armour: Scale mail        |    16 |       ||    16
         Plate armour      |    32 |   100 ||   132
  Dodge: Dodged            |    22 |    30 ||    52
  Block: Buckler           |    16 |    15 ||    31
